 Dungeon Crawl Stone Soup version 0.31-a0-229-g1fc7ce93e2 (webtiles) character file.

Game seed: 6843515297217555560

49 qw the Shooter (level 3, 0/21 HPs)
             Began as a Gargoyle Hexslinger on July 6, 2023.
             Slain by Sigmund
             ... wielding a +1 scythe of freezing
              (2 damage)
             ... on level 3 of the Dungeon.
             The game lasted 00:00:33 (1163 turns).

qw the Shooter (Gargoyle Hexslinger)                Turns: 1163, Time: 00:00:34

Health: 0/21       AC: 10    Str: 11    XL:     3   Next: 75%
Magic:  4/4        EV: 10    Int: 13    God:
Gold:   89         SH:  0    Dex: 14    Spells: 3/4 levels left

rFire   . . .        a - +1 shortbow
rCold   . . .        (shield currently unavailable)
rNeg    + . .        d - +0 ring mail
rPois   inf          (no helmet)
rElec   +            (no cloak)
rCorr   .            g - +1 pair of gloves
SInv    .            (no boots)
Will    .....        (no amulet)
Stlth   +            (no ring)
HPRegen 0.23/turn    (no ring)
MPRegen 0.09/turn

%: no passive effects
@: no status effects
A: sickness immunity, AC +3, negative energy resistance 1, electricity
resistance, torment resistance 1, petrification resistance
a: no special abilities


You were on level 3 of the Dungeon.
You visited 1 branch of the dungeon, and saw 3 of its levels.

You collected 89 gold pieces.


Innate Abilities, Weirdness & Mutations

You are immune to sickness and miasma.
Your stone body is resilient. (AC +3)
You are immune to poison.
You resist negative energy. (rN+)
You are resistant to electric shocks. (rElec)
You are resistant to unholy torment.
You are immune to petrification.


   Skills:
 - Level 2.0 Fighting
 - Level 3.5 Ranged Weapons
 + Level 0.4 Armour
 - Level 1.5 Dodging
 - Level 1.0 Spellcasting
 - Level 2.6 Hexes


You had 3 spell levels left.
You knew the following spells:

 Your Spells              Type           Power      Damage    Failure   Level
a - Slow                  Hex            28%        N/A       22%         1

Your spell library contained the following spells:

 Spells                   Type           Power      Damage    Failure   Level
 Inner Flame              Hex/Fire       4%         N/A       75%         3
 Portal Projectile        Hex/Tloc       8%         N/A       75%         3
 Cause Fear               Hex            3%         N/A       92%         4

Inventory:

Hand Weapons
 a - a +1 shortbow (weapon)
Armour
 d - a +0 ring mail (worn)
 g - a +1 pair of gloves (worn)
Potions
 b - a potion of mutation {unknown}
 c - a potion of heal wounds {unknown}
 e - a potion of attraction {unknown}
 h - a potion of curing

Dungeon Overview and Level Annotations

Branches:
Dungeon (3/15)

Altars:

Shops:
D:2 (

Annotations:
D:3 Sigmund


Message History

You shoot an arrow. The arrow barely misses the bat.
The bat hits you. The bat hits you but does no damage. x2
You shoot an arrow. The arrow completely misses the bat.
The bat hits you but does no damage. x2
You shoot an arrow. The arrow hits the bat.
You kill the bat!
You start resting.
HP restored.
Found a hand axe.
You see here a +0 hand axe.
You see here a +0 hand axe.
Sigmund the Dreaded comes into view.
He is wielding a +1 scythe of freezing.
Sigmund shouts!
You shoot an arrow. The arrow hits Sigmund.
Sigmund is moderately wounded.
You shoot an arrow. The arrow closely misses Sigmund.
Sigmund casts a spell at you. The puff of flame hits you!
A frilled lizard comes into view.
Sigmund laughs darkly.
You shoot an arrow. The frilled lizard hisses angrily.
The arrow hits Sigmund.
Sigmund is heavily wounded.
You shoot an arrow. The arrow barely misses Sigmund.
Sigmund casts a spell at you.
You are confused.
1161 ||| DRINKING 2 potions of curing.
You feel better.
1161 ||| (to cure confusion) Sigmund looks at you with fury.
You shoot an arrow. The arrow hits Sigmund.
Sigmund is severely wounded.
Sigmund drinks a potion.
Sigmund is healed!
Sigmund hits you from afar with a +1 scythe of freezing!
Sigmund freezes you.
You shoot an arrow. The arrow hits Sigmund!
Sigmund is heavily wounded.
Sigmund hits you from afar with a +1 scythe of freezing!
Sigmund freezes you.
You die...

###..##..#.#
......#..#.##
#...........###
+........#....###########
#....###.#.##.##.........
####.# #.#.##.##.########
... ..#.##...)#
##.#####.####..# #.# #.#
#.@# #.# #.# ##l.# ####
..# .@.# ..<# ..... ####
#...... ........
####...... #.......


You could see Sigmund and a frilled lizard.

Vanquished Creatures
  A worm (D:2)
  3 dart slugs
  3 ball pythons
  4 endoplasms
  2 giant cockroaches (D:2)
  4 hobgoblins
  6 kobolds
  3 quokkas
  5 bats
  2 goblins
  3 rats (D:1)
36 creatures vanquished.

Notes
Turn   | Place    | Note
-------+----------+-------------------------------------------
     0 | D:1      | qw the Gargoyle Hexslinger began the quest for the Orb.
     0 | D:1      | Reached XP level 1. HP: 12/12 MP: 2/2
     0 | D:1      | 0 ||| qw: Version: 0.3-a-46-gb1f654a
     0 | D:1      | 0 ||| qw: Game counter: 1688
     0 | D:1      | 0 ||| qw: Melee chars always use a shield: true
     0 | D:1      | 0 ||| qw: God list: Okawaru
     0 | D:1      | 0 ||| qw: Allow faded altars: false
     0 | D:1      | 0 ||| qw: Do Orc after clearing Dungeon:15 true
     0 | D:1      | 0 ||| qw: Do second Lair branch before Depths: true
     0 | D:1      | 0 ||| qw: Lair rune preference: random
     0 | D:1      | 0 ||| qw: Goals: Normal
     0 | D:1      | 0 ||| PLANNING D:1-11
    30 | D:1      | Reached XP level 2. HP: 16/16 MP: 3/3
    87 | D:1      | Reached skill level 3 in Ranged Weapons
   325 | D:1      | Reached XP level 3. HP: 21/21 MP: 4/4
   447 | D:1      | 447 ||| UPGRADING to +1 pair of gloves.
   452 | D:1      | 452 ||| UPGRADING to +0 leather armour.
   462 | D:1      | 462 ||| DROPPING +0 robe.
   463 | D:1      | 463 ||| READING scroll labelled NOATSE TAUDA.
   464 | D:1      | 464 ||| READING scroll labelled DERUAVAARGH.
   465 | D:1      | 465 ||| DROPPING scroll of poison.
   497 | D:2      | 497 ||| SWAPPING to +0 shortbow.
   499 | D:2      | 499 ||| DROPPING +2 sling.
   605 | D:2      | 605 ||| READING scroll of enchant weapon.
   605 | D:2      | 605 ||| ENCHANTING +0 shortbow.
   765 | D:2      | Found Odghah's Weapon Boutique.
  1045 | D:2      | 1045 ||| UPGRADING to +0 ring mail.
  1055 | D:2      | 1055 ||| DROPPING +0 leather armour.
  1056 | D:2      | 1056 ||| DRINKING 3 yellow potions.
  1156 | D:3      | Noticed Sigmund
  1161 | D:3      | 1161 ||| DRINKING 2 potions of curing.
  1161 | D:3      | 1161 ||| (to cure confusion)
  1163 | D:3      | HP: 2/21 [Sigmund/+1 scythe of freezing (9)]
  1163 | D:3      | Slain by Sigmund

Levels and vault maps discovered:
D:1:      saegor_arrival_simple_c, layout_rooms
D:2:      layout_loops_cross, serial_shops, shop
D:3:      layout_basic, minmay_misc_feat_hallway, st_stairs_14, uniq_sigmund,
          uniq_jessica

Skill      XL: |  1  2 |
---------------+-------+-----
Ranged Weapons | 3 |  3.5
Fighting       | 2 |  2.0
Armour         | |  0.4
Dodging        | |  1.5
Spellcasting   | |  1.0
Hexes          | |  2.6

Action                     || total
---------------------------++-------
   Fire: Sling             ||    78
         Shortbow          ||    56
    Use: Scroll            ||     3
         Potion            ||     2
 Armour: Robe              ||    11
         Leather armour    ||     7
         Ring mail         ||     4
  Dodge: Dodged            ||    39

Table legend:
 A = Non-vault XP
 B = Vault XP
 C = Vault XP percentage of total XP
 D = Non-vault monster count
 E = Vault monster count
 F = Vault count percentage of total count
                 A         B        C        D         E       F
            +---------+---------+-------+---------+---------+-------
      Total |      70 |       0 |   0.0 |      36 |       0 |   0.0
            +---------+---------+-------+---------+---------+-------
        D:1 |      36 |       0 |   0.0 |      19 |       0 |   0.0
        D:2 |      28 |       0 |   0.0 |      13 |       0 |   0.0
        D:3 |       6 |       0 |   0.0 |       4 |       0 |   0.0
            +---------+---------+-------+---------+---------+-------
